[Event "FIDE Grand Swiss 2023"]
[Site "Villa Marina, Douglas, Isle of Man"]
[Date "2023.11.03"]
[Round "9.25"]
[White "Harikrishna, Pentala"]
[Black "Melkumyan, Hrant"]
[Result "1-0"]
[WhiteElo "2716"]
[BlackElo "2650"]
[EventDate "2023.10.25"]
[ECO "C67"]
[PlyCount "77"]
[BlackClock "00:01:01"]
[BlackFideId "13302485"]
[TimeControl "40/100 + 20/50 + 15 + 30s/move"]
[WhiteClock "00:19:13"]
[WhiteFideId "5007003"]

1.e4 e5 2.Nf3 Nc6 3.Bb5 Nf6 4.O-O Nxe4 5.Re1 Nd6 6.Nxe5 Be7 7.Bf1 Nxe5 8.Rxe5 O-O 9.d4 Bf6 10.Re1 Re8 11.Nc3 Rxe1 12.Qxe1 Bxd4 13.Bf4 Ne8 14.Nd5 d6 15.Bg5 f6 16.Bh4 Be5 17.f4 c6 18.fxe5 cxd5 19.exf6 Nxf6 20.Bd3 Bd7 21.Kh1 a5 22.Qg1 Qe7 23.Re1 Qf7 24.Rf1 Re8 25.Qb6 Bc6 26.Qxa5 Qe6 27.Bxf6 gxf6 28.Qb4 Re7 29.Qh4 d4 30.Rxf6 Qe1+ 31.Qxe1 Rxe1+ 32.Rf1 Re5 33.Kg1 Be4 34.Bxe4 Rxe4 35.Kf2 Re5 36.Rd1 Rc5 37.Rd2 Kf7 38.Kf3 Ke6 39.Ke4 1-0

[Event "FIDE Grand Swiss 2023"]
[Site "Villa Marina, Douglas, Isle of Man"]
[Date "2023.11.03"]
[Round "9.26"]
[White "Van Foreest, Jorden"]
[Black "Aryan, Chopra"]
[Result "1/2-1/2"]
[WhiteElo "2707"]
[BlackElo "2634"]
[EventDate "2023.10.25"]
[ECO "B33"]
[PlyCount "98"]
[BlackClock "00:09:07"]
[BlackFideId "5084423"]
[TimeControl "40/100 + 20/50 + 15 + 30s/move"]
[WhiteClock "00:07:52"]
[WhiteFideId "1039784"]

1.e4 c5 2.Nf3 Nc6 3.d4 cxd4 4.Nxd4 Nf6 5.Nc3 e5 6.Ndb5 d6 7.Bg5 a6 8.Na3 b5 9.Nd5 Be7 10.Nxe7 Nxe7 11.Bxf6 gxf6 12.Qd2 d5 13.exd5 Qxd5 14.O-O-O Qxd2+ 15.Rxd2 Be6 16.c4 Nf5 17.b3 bxc4 18.Bxc4 Ke7 19.Rhd1 Rhc8 20.Kb2 Rc7 21.Bd3 Nd4 22.Nc2 Nxc2 23.Rxc2 Rxc2+ 24.Kxc2 f5 25.g3 a5 26.Kb2 Rb8 27.Rc1 Kd6 28.Bc4 Rb4 29.a3 Rb8 30.Bxe6 fxe6 31.Rc4 e4 32.b4 axb4 33.a4 b3 34.a5 Ra8 35.Ra4 Ra6 36.Kxb3 Kc5 37.Kc3 Kb5 38.Ra1 e5 39.Kd2 Rxa5 40.Rxa5+ Kxa5 41.g4 fxg4 42.Ke3 Kb4 43.Kxe4 Kc3 44.Kxe5 Kd3 45.Kf4 Ke2 46.Kg3 h5 47.h3 Ke1 48.hxg4 hxg4 49.Kxg4 Kxf2 1/2-1/2

[Event "FIDE Grand Swiss 2023"]
[Site "Villa Marina, Douglas, Isle of Man"]
[Date "2023.11.03"]
[Round "9.28"]
[White "L'ami, Erwin"]
[Black "Sargissian, Gabriel"]
[Result "1/2-1/2"]
[WhiteElo "2627"]
[BlackElo "2686"]
[EventDate "2023.10.25"]
[ECO "D02"]
[PlyCount "121"]
[BlackFideId "13300881"]
[TimeControl "40/100 + 20/50 + 15 + 30s/move"]
[WhiteFideId "1007998"]

1.d4 d5 2.Nf3 Nf6 3.Bf4 Bf5 4.e3 e6 5.Bd3 Bxd3 6.cxd3 c5 7.Nc3 Nc6 8.O-O Be7 9.dxc5 Bxc5 10.Ne2 O-O 11.Ne5 Nxe5 12.Bxe5 Nd7 13.Bc3 Rc8 14.Qb3 b6 15.Rfc1 Be7 16.Qd1 a6 17.Rc2 Nb8 18.Rac1 Qd7 19.Bd4 b5 20.Bc5 Bxc5 21.Rxc5 Rxc5 22.Rxc5 Rc8 23.Qc2 Rxc5 24.Qxc5 Qc6 25.d4 Qxc5 26.dxc5 Kf8 27.Nd4 Ke8 28.b4 e5 29.Nb3 Nc6 30.a3 e4 31.f4 exf3 32.gxf3 Ne5 33.Nd4 Nc4 34.Nc2 Kd7 35.f4 a5 36.Kf2 Nxa3 37.Nxa3 axb4 38.Nb1 b3 39.Nd2 b2 40.Ke2 Kc6 41.Kd3 Kxc5 42.Kc2 d4 43.e4 Kb4 44.Kxb2 d3 45.e5 g6 46.Ne4 Kc4 47.Nd6+ Kd4 48.Kc1 Ke3 49.Kd1 Kxf4 50.Nxf7 Kf5 51.Kd2 Ke6 52.Nd6 Kxe5 53.Nxb5 Ke4 54.Nd6+ Kf3 55.Kxd3 Kg2 56.Ke3 Kxh2 57.Kf4 h5 58.Ne4 Kg2 59.Ng5 Kf2 60.Nh3+ Kg2 61.Ng5 1/2-1/2

[Event "FIDE Grand Swiss 2023"]
[Site "Villa Marina, Douglas, Isle of Man"]
[Date "2023.11.03"]
[Round "9.29"]
[White "Warmerdam, Max"]
[Black "Tabatabaei, M. Amin"]
[Result "0-1"]
[WhiteElo "2636"]
[BlackElo "2685"]
[EventDate "2023.10.25"]
[ECO "A14"]
[PlyCount "84"]
[BlackClock "00:03:45"]
[BlackFideId "12521213"]
[TimeControl "40/100 + 20/50 + 15 + 30s/move"]
[WhiteClock "00:08:32"]
[WhiteFideId "1048104"]

1.c4 e6 2.g3 d5 3.Bg2 Nf6 4.Nf3 Be7 5.O-O O-O 6.b3 d4 7.e3 c5 8.Ne5 Qc7 9.exd4 cxd4 10.Qe2 Nfd7 11.Re1 Nc5 12.Na3 f6 13.Nd3 Nxd3 14.Qxd3 Nc6 15.Nb5 Qb6 16.a4 a6 17.a5 Qd8 18.Na3 Qxa5 19.Nc2 Qb6 20.Ba3 Bxa3 21.Rxa3 e5 22.b4 Be6 23.Rb1 Rfc8 24.Be4 h6 25.b5 Na5 26.Nxd4 Bxc4 27.Qf3 Qxd4 28.Rxa5 axb5 29.Rxa8 Rxa8 30.d3 Be6 31.Rxb5 Ra1+ 32.Kg2 Qd7 33.Bd5 Qxb5 34.Bxe6+ Kf8 35.Bd5 Qb1 36.Kh3 Qf1+ 37.Kh4 g5+ 38.Kg4 Qd1 39.Bxb7 Ra4+ 40.Be4 Rxe4+ 41.dxe4 h5+ 42.Kh3 g4+ 0-1

[Event "FIDE Grand Swiss 2023"]
[Site "Villa Marina, Douglas, Isle of Man"]
[Date "2023.11.03"]
[Round "9.30"]
[White "Huschenbeth, Niclas"]
[Black "Matlakov, Maxim"]
[Result "0-1"]
[WhiteElo "2605"]
[BlackElo "2674"]
[EventDate "2023.10.25"]
[ECO "C77"]
[PlyCount "94"]
[BlackClock "00:49:58"]
[BlackFideId "4168003"]
[TimeControl "40/100 + 20/50 + 15 + 30s/move"]
[WhiteClock "00:13:08"]
[WhiteFideId "24604747"]

1.e4 e5 2.Nf3 Nc6 3.Bb5 a6 4.Ba4 Nf6 5.d3 b5 6.Bb3 Be7 7.a4 Rb8 8.axb5 axb5 9.Nc3 d6 10.Be3 O-O 11.Nd5 h6 12.c3 Re8 13.O-O Bf8 14.h3 Be6 15.Nxf6+ Qxf6 16.Re1 Ra8 17.Rxa8 Rxa8 18.Bd5 Bxd5 19.exd5 Ne7 20.Qb3 Rb8 21.Ra1 Qf5 22.c4 Qc8 23.c5 dxc5 24.Bxc5 Ng6 25.Bxf8 Qxf8 26.Rc1 Qd8 27.Rc5 Nf4 28.Rxb5 Rxb5 29.Qxb5 f6 30.Qc4 Qxd5 31.Qxd5+ Nxd5 32.g3 Nb4 33.Ne1 Kf7 34.Kf1 Ke6 35.Ke2 f5 36.h4 g5 37.hxg5 hxg5 38.Ng2 Nc2 39.Ne3 Nxe3 40.Kxe3 Kd5 41.Ke2 Kd4 42.Kd2 g4 43.Ke2 f4 44.Kd2 fxg3 45.fxg3 e4 46.dxe4 Kxe4 47.Ke2 c6 0-1

[Event "FIDE Grand Swiss 2023"]
[Site "Villa Marina, Douglas, Isle of Man"]
[Date "2023.11.03"]
[Round "9.31"]
[White "Bluebaum, Matthias"]
[Black "Tari, Aryan"]
[Result "1/2-1/2"]
[WhiteElo "2668"]
[BlackElo "2619"]
[EventDate "2023.10.25"]
[ECO "A48"]
[PlyCount "65"]
[BlackClock "00:23:55"]
[BlackFideId "1510045"]
[TimeControl "40/100 + 20/50 + 15 + 30s/move"]
[WhiteClock "00:26:20"]
[WhiteFideId "24651516"]

1.d4 Nf6 2.Nf3 g6 3.Nbd2 d5 4.b3 Bg7 5.Bb2 O-O 6.e3 b6 7.c4 Bb7 8.Rc1 Nbd7 9.Be2 a5 10.O-O c5 11.dxc5 Nxc5 12.cxd5 Bxd5 13.Nc4 e6 14.Bd4 Ncd7 15.Nfe5 Nxe5 16.Nxe5 Qd6 17.Nc4 Bxc4 18.Rxc4 Rfd8 19.Qa1 Ne8 20.Bxg7 Nxg7 21.Bf3 Rac8 22.Rd1 Qe7 23.Qd4 Rb8 24.Qe5 Rxd1+ 25.Bxd1 Rd8 26.Bf3 Nf5 27.g3 h5 28.e4 b5 29.Rc7 Nd4 30.Kg2 Rd7 31.Rc8+ Rd8 32.Rc7 Rd7 33.Rc8+ 1/2-1/2

[Event "FIDE Grand Swiss 2023"]
[Site "Villa Marina, Douglas, Isle of Man"]
[Date "2023.11.03"]
[Round "9.32"]
[White "Suleymanli, Aydin"]
[Black "Volokitin, Andrei"]
[Result "1/2-1/2"]
[WhiteElo "2588"]
[BlackElo "2664"]
[EventDate "2023.10.25"]
[ECO "B51"]
[PlyCount "60"]
[BlackClock "00:40:26"]
[BlackFideId "14107090"]
[TimeControl "40/100 + 20/50 + 15 + 30s/move"]
[WhiteClock "01:16:45"]
[WhiteFideId "13413937"]

1.e4 c5 2.Nf3 d6 3.Bb5+ Nd7 4.O-O a6 5.Bd3 Ngf6 6.Re1 e6 7.Bf1 b5 8.a4 Bb7 9.d4 Bxe4 10.dxc5 dxc5 11.Nc3 Bc6 12.axb5 axb5 13.Rxa8 Qxa8 14.Bxb5 Be7 15.Bxc6 Qxc6 16.Bg5 h6 17.Bh4 O-O 18.Nd2 c4 19.Qe2 Bb4 20.Nxc4 Rc8 21.Ne3 Bxc3 22.bxc3 Qxc3 23.Bxf6 Nxf6 24.Rd1 Nd5 25.Nxd5 exd5 26.h3 Qxc2 27.Qxc2 Rxc2 28.Rxd5 g5 29.Rd8+ Kg7 30.Rd7 Kg6 1/2-1/2

[Event "FIDE Grand Swiss 2023"]
[Site "Villa Marina, Douglas, Isle of Man"]
[Date "2023.11.03"]
[Round "9.33"]
[White "Durarbayli, Vasif"]
[Black "Bartel, Mateusz"]
[Result "0-1"]
[WhiteElo "2625"]
[BlackElo "2651"]
[EventDate "2023.10.25"]
[ECO "C02"]
[PlyCount "162"]
[BlackClock "00:35:48"]
[BlackFideId "1112635"]
[TimeControl "40/100 + 20/50 + 15 + 30s/move"]
[WhiteClock "00:07:16"]
[WhiteFideId "13402935"]

1.e4 e6 2.d4 d5 3.e5 c5 4.c3 Nc6 5.Nf3 Bd7 6.Be2 Nge7 7.Nbd2 Ng6 8.h4 cxd4 9.cxd4 Nf4 10.Bf1 Qa5 11.a3 Nb4 12.Rb1 Nbd3+ 13.Bxd3 Nxd3+ 14.Kf1 Ba4 15.b3 Bb5 16.Kg1 Bxa3 17.Bxa3 Qxa3 18.Qe2 a6 19.Qe3 Qe7 20.h5 h6 21.Rh3 O-O-O 22.Rg3 Rhg8 23.Rd1 Kb8 24.Nb1 Nb4 25.Nc3 Bd7 26.Rc1 Rc8 27.Ne2 Rxc1+ 28.Qxc1 Bb5 29.Nc3 Bd3 30.Na4 Bf5 31.Ne1 Nc6 32.Nf3 Nb4 33.Ne1 Rc8 34.Qd2 Nc2 35.Rxg7 Nxe1 36.Qxe1 Ka7 37.Nc5 b6 38.Na4 Qf8 39.Rg3 a5 40.Qe3 Rc7 41.Kh2 Kb7 42.Nc3 Qb4 43.Ne2 Qe1 44.Rf3 Bg4 45.Ng3 Qxe3 46.Rxe3 Bd1 47.f3 b5 48.Nh1 b4 49.Nf2 Bc2 50.Ng4 a4 51.bxa4 b3 52.Rxb3+ Bxb3 53.Nxh6 Bxa4 54.Kg3 Kc8 55.Ng8 Kd8 56.h6 Bc2 57.Kf4 Rc8 58.g4 Rc4 59.Ke3 Bg6 60.Nf6 Rc2 61.Kf4 Ke7 62.Kg5 Kf8 63.f4 Rg2 64.Kh4 Bb1 65.Kg5 Rd2 66.Nd7+ Kg8 67.Nf6+ Kh8 68.Ne8 Rxd4 69.f5 Ra4 70.Nd6 Kg8 71.h7+ Kxh7 72.Nxf7 d4 73.fxe6 Bg6 74.Kf6 d3 75.Ng5+ Kh6 76.Nf7+ Bxf7 77.g5+ Kh7 78.exf7 Rf4+ 79.Ke7 Kg7 80.e6 d2 81.g6 Rf6 0-1

[Event "FIDE Grand Swiss 2023"]
[Site "Villa Marina, Douglas, Isle of Man"]
[Date "2023.11.03"]
[Round "9.34"]
[White "Narayanan.S.L"]
[Black "Bachmann, Axel"]
[Result "1-0"]
[WhiteElo "2651"]
[BlackElo "2604"]
[EventDate "2023.10.25"]
[ECO "E11"]
[PlyCount "89"]
[BlackClock "00:59:57"]
[BlackFideId "3700488"]
[TimeControl "40/100 + 20/50 + 15 + 30s/move"]
[WhiteClock "00:47:09"]
[WhiteFideId "5058422"]

1.d4 Nf6 2.c4 e6 3.Nf3 Bb4+ 4.Bd2 c5 5.Bxb4 cxb4 6.e3 b6 7.Bd3 Bb7 8.Nbd2 O-O 9.O-O a5 10.e4 d6 11.Re1 e5 12.Nf1 Nc6 13.Bc2 Re8 14.Ng3 Qc7 15.Ba4 Red8 16.Qd2 Ne7 17.Rad1 h6 18.b3 Ng6 19.h3 Rab8 20.Qe3 Nf4 21.Rd2 Ne6 22.Red1 Ba8 23.Bb5 Bb7 24.Ra1 Kf8 25.a3 bxa3 26.Rxa3 exd4 27.Nxd4 Nxd4 28.Rxd4 Bc6 29.Bxc6 Qxc6 30.Nf5 Rd7 31.Ra1 Re8 32.Qg3 g5 33.Qc3 Qc5 34.Rad1 Qe5 35.f3 Re6 36.Qd2 Nh5 37.Rd5 Qf6 38.Rb5 Rb7 39.Qf2 Nf4 40.Rxb6 Rxb6 41.Qxb6 Kg8 42.Qxa5 Qb2 43.Rd2 Qc1+ 44.Kh2 Kh7 45.Qa7 1-0

[Event "FIDE Grand Swiss 2023"]
[Site "Villa Marina, Douglas, Isle of Man"]
[Date "2023.11.03"]
[Round "9.35"]
[White "Kuybokarov, Temur"]
[Black "Gukesh, D"]
[Result "1-0"]
[WhiteElo "2584"]
[BlackElo "2758"]
[EventDate "2023.10.25"]
[ECO "C60"]
[PlyCount "102"]
[BlackClock "00:35:09"]
[BlackFideId "46616543"]
[TimeControl "40/100 + 20/50 + 15 + 30s/move"]
[WhiteClock "00:18:03"]
[WhiteFideId "14203049"]

1.e4 e5 2.Nf3 Nc6 3.Bb5 g6 4.O-O Bg7 5.c3 a6 6.Ba4 b5 7.Bb3 Nge7 8.d4 exd4 9.cxd4 O-O 10.d5 Na5 11.Bd2 Nxb3 12.Qxb3 c5 13.dxc6 dxc6 14.Bc3 Bxc3 15.Qxc3 Qb6 16.Qf6 Qc7 17.Nc3 c5 18.Ne5 b4 19.Nd5 Nxd5 20.exd5 Bb7 21.Rad1 Qd8 22.Qf3 Qc7 23.Qg3 Qd6 24.f4 Rad8 25.Nc4 Qf6 26.d6 Rfe8 27.Qf2 Qf5 28.d7 Rf8 29.Rd6 Rxd7 30.Ne3 Rxd6 31.Nxf5 gxf5 32.Qxc5 Rd2 33.Re1 Rxg2+ 34.Kf1 Rxh2 35.Qxf5 Rc8 36.Qd7 Rh1+ 37.Ke2 Rc2+ 38.Kd1 Rxe1+ 39.Kxe1 Bc8 40.Qd8+ Kg7 41.Qg5+ Kf8 42.f5 Rc6 43.Qd8+ Kg7 44.Qd5 Rf6 45.Qg2+ Kh6 46.Qd2+ Kh5 47.Qd1+ Kg5 48.Qc1+ Kxf5 49.Qxc8+ Re6+ 50.Kf2 Kg6 51.Qg8+ Kf6 1-0

[Event "FIDE Grand Swiss 2023"]
[Site "Villa Marina, Douglas, Isle of Man"]
[Date "2023.11.03"]
[Round "9.36"]
[White "Martirosyan, Haik M."]
[Black "Theodorou, Nikolas"]
[Result "1/2-1/2"]
[WhiteElo "2696"]
[BlackElo "2619"]
[EventDate "2023.10.25"]
[ECO "C02"]
[PlyCount "82"]
[BlackClock "00:43:42"]
[BlackFideId "4262875"]
[TimeControl "40/100 + 20/50 + 15 + 30s/move"]
[WhiteClock "00:31:04"]
[WhiteFideId "13306553"]

1.e4 e6 2.d4 d5 3.e5 c5 4.c3 Nc6 5.Nf3 Qc7 6.Be3 Bd7 7.Na3 c4 8.Be2 f6 9.Bf4 Qb6 10.Nc2 g5 11.Be3 g4 12.Nd2 Qxb2 13.Rb1 Qxc3 14.O-O Qa5 15.Rxb7 f5 16.Nxc4 dxc4 17.Bxc4 Nge7 18.Bg5 Rg8 19.Bf6 Nd5 20.Bxd5 Qxd5 21.Ne3 Qxd4 22.Qc1 Rb8 23.Nxf5 Qc5 24.Rxb8+ Nxb8 25.Qb1 exf5 26.Qb3 Rg6 27.Qxb8+ Qc8 28.Qxa7 Bc5 29.Qa5 g3 30.hxg3 Rxg3 31.Rd1 Kf7 32.Kf1 Ra3 33.Qd2 Bb5+ 34.Kg1 Rd3 35.Qc1 Rxd1+ 36.Qxd1 Qd7 37.Qb3+ Kf8 38.Bg5 Kg7 39.Kh2 Qc6 40.Bf6+ Kf8 41.Qh3 Qe4 1/2-1/2

[Event "FIDE Grand Swiss 2023"]
[Site "Villa Marina, Douglas, Isle of Man"]
[Date "2023.11.03"]
[Round "9.37"]
[White "Grandelius, Nils"]
[Black "Mishra, Abhimanyu"]
[Result "1/2-1/2"]
[WhiteElo "2689"]
[BlackElo "2592"]
[EventDate "2023.10.25"]
[ECO "C01"]
[PlyCount "60"]
[BlackClock "00:17:08"]
[BlackFideId "30920019"]
[TimeControl "40/100 + 20/50 + 15 + 30s/move"]
[WhiteClock "00:03:39"]
[WhiteFideId "1710400"]

1.e4 e6 2.d4 d5 3.Nc3 Bb4 4.exd5 exd5 5.Bd3 Nf6 6.a3 Bxc3+ 7.bxc3 O-O 8.Ne2 Bg4 9.f3 Bh5 10.h4 Bg6 11.Kf2 c5 12.Ng3 c4 13.Bf5 Nh5 14.Nxh5 Bxh5 15.Rb1 b6 16.Qd2 Nc6 17.Qf4 Ne7 18.Bh3 Bg6 19.Rb2 h6 20.Re1 Nc6 21.Bd2 f5 22.Rbb1 Rf6 23.Rbd1 Qd7 24.Qg3 Bf7 25.Re2 Re8 26.Rde1 Rxe2+ 27.Rxe2 Rg6 28.Qf4 Rf6 29.Qg3 Rg6 30.Qf4 Rf6 1/2-1/2

[Event "FIDE Grand Swiss 2023"]
[Site "Villa Marina, Douglas, Isle of Man"]
[Date "2023.11.03"]
[Round "9.38"]
[White "Amin, Bassem"]
[Black "Rodrigue-Lemieux, Shawn"]
[Result "1/2-1/2"]
[WhiteElo "2680"]
[BlackElo "2488"]
[EventDate "2023.10.25"]
[ECO "B13"]
[PlyCount "60"]
[BlackClock "00:12:46"]
[BlackFideId "2620049"]
[TimeControl "40/100 + 20/50 + 15 + 30s/move"]
[WhiteClock "00:00:02"]
[WhiteFideId "10601457"]

1.e4 c6 2.d4 d5 3.exd5 cxd5 4.Bd3 Nc6 5.c3 Nf6 6.Bf4 Bg4 7.Qb3 Qd7 8.Nd2 e6 9.Ngf3 Bd6 10.Bxd6 Qxd6 11.O-O O-O 12.Rae1 Ne7 13.Ne5 Bf5 14.Bxf5 Nxf5 15.g4 Ne7 16.Re3 b5 17.a3 Rab8 18.Qd1 h6 19.b4 Ne4 20.Nb3 Qc7 21.Nc5 Nxc5 22.bxc5 a5 23.Qd2 Nc6 24.f4 Nxe5 25.Rxe5 Qe7 26.f5 Qh4 27.fxe6 fxe6 28.Rxf8+ Rxf8 29.Qe2 Qh3 30.Rxe6 Qxc3 1/2-1/2

[Event "FIDE Grand Swiss 2023"]
[Site "Villa Marina, Douglas, Isle of Man"]
[Date "2023.11.03"]
[Round "9.39"]
[White "Akobian, Varuzhan"]
[Black "Abasov, Nijat"]
[Result "1/2-1/2"]
[WhiteElo "2582"]
[BlackElo "2679"]
[EventDate "2023.10.25"]
[ECO "E12"]
[PlyCount "78"]
[BlackClock "00:03:13"]
[BlackFideId "13402960"]
[TimeControl "40/100 + 20/50 + 15 + 30s/move"]
[WhiteClock "00:01:32"]
[WhiteFideId "13300580"]

1.d4 Nf6 2.c4 e6 3.Nf3 b6 4.a3 Bb7 5.Nc3 d5 6.Bg5 Be7 7.e3 O-O 8.cxd5 Nxd5 9.Bxe7 Qxe7 10.Rc1 Nf6 11.Be2 Nbd7 12.O-O c5 13.dxc5 Nxc5 14.b4 Rfd8 15.Qc2 Nce4 16.Nxe4 Nxe4 17.Rfd1 Rxd1+ 18.Bxd1 Nd6 19.Be2 Rc8 20.Qb2 Rxc1+ 21.Qxc1 g6 22.h3 e5 23.Qc3 f6 24.Nd2 Kg7 25.Bf3 Bxf3 26.Nxf3 Qd7 27.Qc2 b5 28.Nd2 Nc4 29.Nxc4 Qc6 30.f3 bxc4 31.Qc3 e4 32.f4 Kf7 33.Kf2 Ke6 34.a4 a6 35.g4 h6 36.h4 Qd5 37.g5 hxg5 38.hxg5 fxg5 39.fxg5 Qd3 1/2-1/2

[Event "FIDE Grand Swiss 2023"]
[Site "Villa Marina, Douglas, Isle of Man"]
[Date "2023.11.03"]
[Round "9.40"]
[White "Shevchenko, Kirill"]
[Black "Vokhidov, Shamsiddin"]
[Result "1-0"]
[WhiteElo "2671"]
[BlackElo "2578"]
[EventDate "2023.10.25"]
[ECO "E01"]
[PlyCount "159"]
[BlackClock "00:01:07"]
[BlackFideId "14204223"]
[TimeControl "40/100 + 20/50 + 15 + 30s/move"]
[WhiteClock "00:02:28"]
[WhiteFideId "14129574"]

1.d4 Nf6 2.c4 e6 3.g3 d5 4.Bg2 Be7 5.Nf3 O-O 6.Nc3 c6 7.O-O a5 8.Re1 Nbd7 9.Nd2 Re8 10.b3 e5 11.dxe5 Nxe5 12.cxd5 cxd5 13.Nf3 Bb4 14.Bd2 Nxf3+ 15.Bxf3 Ne4 16.Nxe4 dxe4 17.Bxb4 exf3 18.Qxd8 Rxd8 19.Be7 Rd2 20.exf3 Be6 21.Kg2 h6 22.Red1 Rxd1 23.Rxd1 a4 24.Rd3 axb3 25.axb3 b5 26.g4 b4 27.f4 Re8 28.Bxb4 Rb8 29.f5 Bxf5 30.gxf5 Rxb4 31.Kf3 Kh7 32.Ke2 g5 33.fxg6+ Kxg6 34.Rf3 Kg5 35.Kd2 f5 36.Kc3 Rb8 37.b4 f4 38.Rd3 Kg4 39.h3+ Kh4 40.Rf3 h5 41.Kb3 Kg5 42.Rd3 Kf5 43.Rd4 Kg5 44.Rd5+ Kh4 45.Rd3 Kg5 46.Kc3 Kf5 47.Rd4 Kg5 48.Rd5+ Kh4 49.Rd3 Kg5 50.Kc4 Rc8+ 51.Kb3 Rb8 52.Rc3 Kh4 53.Rf3 Kg5 54.Kc4 Rc8+ 55.Kd5 Rb8 56.Kc5 Rc8+ 57.Kd5 Rb8 58.Kc5 Rc8+ 59.Kd6 Rb8 60.Rb3 f3 61.Kc5 Rf8 62.Kd5 Kh4 63.Ke4 Rb8 64.Kxf3 Kxh3 65.b5 Rf8+ 66.Ke2+ Kg2 67.Rg3+ Kh2 68.Kf1 Rb8 69.Rb3 Rb6 70.Rb4 Kh3 71.Kg1 Rg6+ 72.Kh1 Rb6 73.Rb3+ Kg4 74.Kg2 Kh4 75.Rb4+ Kg5 76.Kg3 Kf5 77.Kh4 Kg6 78.f4 Rb7 79.b6 Kf5 80.Kg3 1-0

[Event "FIDE Grand Swiss 2023"]
[Site "Villa Marina, Douglas, Isle of Man"]
[Date "2023.11.03"]
[Round "9.41"]
[White "Parligras, Mircea-Emilian"]
[Black "Svane, Rasmus"]
[Result "1/2-1/2"]
[WhiteElo "2561"]
[BlackElo "2646"]
[EventDate "2023.10.25"]
[ECO "E12"]
[PlyCount "64"]
[BlackClock "00:05:56"]
[BlackFideId "4657101"]
[TimeControl "40/100 + 20/50 + 15 + 30s/move"]
[WhiteClock "00:13:38"]
[WhiteFideId "1204297"]

1.d4 Nf6 2.c4 e6 3.Nf3 b6 4.a3 Bb7 5.Bf4 c5 6.Nc3 cxd4 7.Qxd4 Nc6 8.Qd3 Nh5 9.Bg5 Be7 10.Bxe7 Qxe7 11.Nb5 O-O 12.Nd6 Nd8 13.e3 Nf6 14.Be2 Bc6 15.O-O Nb7 16.Nxb7 Bxb7 17.Rfd1 Rfd8 18.Rac1 Rac8 19.Nd4 a6 20.Bf3 Bxf3 21.Nxf3 d6 22.e4 Qc7 23.Qe3 Ng4 24.Qg5 Ne5 25.Nxe5 dxe5 26.Qe3 Qxc4 27.Qxb6 Rd2 28.Ra1 Rd4 29.b3 Qc3 30.Qxa6 Rcd8 31.Rdb1 Rxe4 32.b4 Red4 1/2-1/2

[Event "FIDE Grand Swiss 2023"]
[Site "Villa Marina, Douglas, Isle of Man"]
[Date "2023.11.03"]
[Round "9.42"]
[White "Ponomariov, Ruslan"]
[Black "Gupta, Abhijeet"]
[Result "1-0"]
[WhiteElo "2641"]
[BlackElo "2609"]
[EventDate "2023.10.25"]
[ECO "B67"]
[PlyCount "155"]
[BlackFideId "5010608"]
[TimeControl "40/100 + 20/50 + 15 + 30s/move"]
[WhiteFideId "14103320"]

1.e4 c5 2.Nf3 d6 3.d4 cxd4 4.Nxd4 Nf6 5.Nc3 Nc6 6.Bg5 Bd7 7.Qd2 a6 8.O-O-O e6 9.Kb1 Nxd4 10.Qxd4 Be7 11.f3 Qc7 12.Qd2 b5 13.h4 h6 14.Be3 h5 15.Bd3 Rb8 16.Bg5 a5 17.Ne2 b4 18.c4 bxc3 19.Nxc3 Qb7 20.a4 O-O 21.Nb5 d5 22.e5 Bxb5 23.Bxb5 Bb4 24.Qe2 Ne8 25.Rc1 Nc7 26.Bc6 Qb6 27.Rc2 d4 28.Ka1 Bc5 29.Be4 Na6 30.Rhc1 d3 31.Bxd3 Nb4 32.Bh7+ Kxh7 33.Rxc5 Kg8 34.Be7 Rfe8 35.Rb5 Rbc8 36.Qe1 Rxc1+ 37.Qxc1 Qd4 38.Bxb4 axb4 39.Ka2 Ra8 40.a5 Rd8 41.Qc6 Qxh4 42.a6 Qd4 43.Qe4 Qa7 44.Qb7 Qd4 45.Rxb4 Qxe5 46.Qb5 Qe3 47.Qb6 Qd3 48.a7 Qd5+ 49.Rb3 Ra8 50.Qb7 Qa5+ 51.Ra3 Qd8 52.Ra6 g6 53.Ka3 Kg7 54.b3 h4 55.Qb4 Qf6 56.Ka4 h3 57.gxh3 Qxf3 58.Qd4+ Kh7 59.Rd6 e5 60.Qb6 Qf4+ 61.b4 Qf1 62.Rd7 Qa1+ 63.Kb5 Qf1+ 64.Kc5 Rc8+ 65.Rc7 Qf2+ 66.Kc6 Qf3+ 67.Kd7 Rf8 68.Qc5 Qxh3+ 69.Kc6 Qf3+ 70.Kb6 Qa8 71.Qxe5 Kg8 72.Qf6 Qe4 73.b5 Qe3+ 74.Kb7 Qe8 75.Qc6 Qa8+ 76.Ka6 Qd8 77.b6 Re8 78.Qd7 1-0

[Event "FIDE Grand Swiss 2023"]
[Site "Villa Marina, Douglas, Isle of Man"]
[Date "2023.11.03"]
[Round "9.43"]
[White "Maurizzi, Marc`andria"]
[Black "Sadhwani, Raunak"]
[Result "0-1"]
[WhiteElo "2555"]
[BlackElo "2641"]
[EventDate "2023.10.25"]
[ECO "C88"]
[PlyCount "78"]
[BlackClock "00:25:24"]
[BlackFideId "35093487"]
[TimeControl "40/100 + 20/50 + 15 + 30s/move"]
[WhiteClock "00:06:54"]
[WhiteFideId "36083534"]

1.e4 e5 2.Nf3 Nc6 3.Bb5 a6 4.Ba4 Nf6 5.O-O Be7 6.Re1 b5 7.Bb3 O-O 8.a4 Bb7 9.d3 d6 10.Bd2 Qd7 11.h3 Nd8 12.axb5 axb5 13.Rxa8 Bxa8 14.Nc3 Ne6 15.Bxe6 fxe6 16.b4 Bb7 17.Qa1 Nh5 18.Qa2 Bf6 19.Ra1 h6 20.Qb3 Ra8 21.Rxa8+ Bxa8 22.Nxb5 Qxb5 23.Qxe6+ Kf8 24.Qc8+ Qe8 25.Qxc7 Qd8 26.Qc4 Qd7 27.b5 d5 28.Qa2 Bb7 29.d4 Nf4 30.dxe5 Ne2+ 31.Kh2 Be7 32.exd5 Bxd5 33.c4 Be4 34.Bxh6 Bxf3 35.gxf3 Qd1 36.Qa8+ Bd8 37.Bxg7+ Kxg7 38.Qb7+ Kf8 39.e6 Qg1# 0-1

[Event "FIDE Grand Swiss 2023"]
[Site "Villa Marina, Douglas, Isle of Man"]
[Date "2023.11.03"]
[Round "9.44"]
[White "Royal, Shreyas"]
[Black "Murzin, Volodar"]
[Result "0-1"]
[WhiteElo "2407"]
[BlackElo "2633"]
[EventDate "2023.10.25"]
[ECO "E70"]
[PlyCount "60"]
[BlackClock "00:13:16"]
[BlackFideId "44155573"]
[TimeControl "40/100 + 20/50 + 15 + 30s/move"]
[WhiteClock "00:27:51"]
[WhiteFideId "448869"]

1.d4 Nf6 2.c4 g6 3.Nc3 Bg7 4.e4 O-O 5.Be3 d6 6.h3 e5 7.d5 Na6 8.g4 Nc5 9.f3 c6 10.Qd2 cxd5 11.cxd5 Ne8 12.h4 f5 13.g5 fxe4 14.fxe4 Bg4 15.Be2 Bxe2 16.Ngxe2 Rc8 17.h5 Rf3 18.Rh4 Bh6 19.Rh2 Nf6 20.Bxc5 Ng4 21.gxh6 Nxh2 22.O-O-O Nf1 23.Qc2 Rxc5 24.Qa4 a5 25.Kb1 g5 26.Nc1 b5 27.Nxb5 Qd7 28.Nc3 Rfxc3 29.Qxd7 Nd2+ 30.Rxd2 Rxc1# 0-1

[Event "FIDE Grand Swiss 2023"]
[Site "Villa Marina, Douglas, Isle of Man"]
[Date "2023.11.03"]
[Round "9.45"]
[White "Donchenko, Alexander"]
[Black "Wagner, Dennis"]
[Result "1/2-1/2"]
[WhiteElo "2676"]
[BlackElo "2589"]
[EventDate "2023.10.25"]
[ECO "A28"]
[PlyCount "65"]
[BlackClock "00:16:30"]
[BlackFideId "24650684"]
[TimeControl "40/100 + 20/50 + 15 + 30s/move"]
[WhiteClock "00:13:14"]
[WhiteFideId "24603295"]

1.c4 Nf6 2.Nc3 e5 3.Nf3 Nc6 4.e4 Bb4 5.d3 d6 6.a3 Bc5 7.b4 Bb6 8.Na4 Bg4 9.Be2 Bxf3 10.Bxf3 Bd4 11.Rb1 a6 12.Qd2 b5 13.Nc3 bxc4 14.dxc4 Bxc3 15.Qxc3 Nd4 16.O-O O-O 17.Re1 c5 18.Bd1 Nd7 19.Be3 Qc7 20.Qd3 h6 21.Bg4 Nf6 22.Bh3 Rfe8 23.Rb2 Nh5 24.Bg4 Nf6 25.Bh3 Nh5 26.Bg4 Nf6 27.Bf5 d5 28.Bxd4 dxe4 29.Bxe4 exd4 30.Rbe2 Nxe4 31.Rxe4 Rxe4 32.Rxe4 Rd8 33.Re1 1/2-1/2

[Event "FIDE Grand Swiss 2023"]
[Site "Villa Marina, Douglas, Isle of Man"]
[Date "2023.11.03"]
[Round "9.46"]
[White "Ivanchuk, Vasyl"]
[Black "Gurel, Ediz"]
[Result "1-0"]
[WhiteElo "2653"]
[BlackElo "2514"]
[EventDate "2023.10.25"]
[ECO "C24"]
[PlyCount "129"]
[BlackClock "00:07:18"]
[BlackFideId "44507356"]
[TimeControl "40/100 + 20/50 + 15 + 30s/move"]
[WhiteClock "00:08:00"]
[WhiteFideId "14100010"]

1.e4 e5 2.Bc4 Nf6 3.d3 c6 4.Nf3 d5 5.Bb3 a5 6.a4 Bb4+ 7.c3 Bd6 8.O-O O-O 9.Re1 dxe4 10.dxe4 Qe7 11.Nbd2 Nbd7 12.Nf1 Nc5 13.Bc2 Be6 14.Ng3 Rfd8 15.Qe2 Qc7 16.Bg5 Be7 17.Nf5 Bxf5 18.exf5 e4 19.Nd2 Re8 20.Rad1 Rad8 21.g3 Qc8 22.Nc4 Rxd1 ( 22...Rd5 23.Rd2 Rxd2 24.Rd1 Rxd1+ ) 23.Rxd1 Qxf5 24.Bxf6 Qxf6 25.Nxa5 Bf8 26.Nc4 g6 27.a5 Qe6 28.Kg2 Nd7 29.Ne3 Nf6 30.Qc4 Qe5 31.a6 bxa6 32.Qxc6 Re6 33.Qc8 Kg7 34.b4 Qb5 35.Qc4 Rc6 36.Qd4 Rd6 37.Qa7 Qb6 38.Qxb6 Rxb6 39.Rd4 Rc6 40.Nc4 Be7 41.Kf1 e3 42.f3 Rc7 43.Bb3 Nd7 44.Re4 Bf6 45.Rxe3 Rc6 46.f4 Nb6 47.Ne5 Bxe5 48.fxe5 a5 49.Ke2 axb4 50.cxb4 Rc1 51.Kd3 Nd7 52.Kd4 Rc7 53.b5 Rb7 54.Bc4 Ra7 55.Kd5 Nb6+ 56.Kc5 Nd7+ 57.Kc6 Nb8+ 58.Kb6 Re7 59.e6 h5 60.h4 fxe6 61.Rxe6 Nd7+ 62.Kc7 Rxe6 63.Bxe6 Nc5 64.Kd6 Nb7+ 65.Ke5 1-0